 Dungeon Crawl Stone Soup version 0.31-a0-210-gccc998df9b (webtiles) character file.

Game seed: 108656813295941214

18449 Dittersdorf the Warrior (level 12, -9/64 HPs)
             Began as a Gargoyle Fighter on June 29, 2023.
             Was a Priest of Okawaru.
             Mangled by a chaos spawn (25 damage)
             ... on level 3 of the Abyss.
             The game lasted 00:24:17 (13427 turns).

Dittersdorf the Warrior (Gargoyle Fighter)         Turns: 13427, Time: 00:24:18

Health: -9/64      AC: 27    Str: 24 (25) XL:     12   Next: 58%
Magic:  10/12      EV: 15    Int:  6 (7)  God:    Okawaru [***...]
Gold:   599        SH: 12    Dex:  6 (7)  Spells: 11/11 levels left

rFire   + . .        l - +3 flail
rCold   x . .        C - +1 kite shield
rNeg    + . .        v - +1 scale mail {rF+}
rPois   ∞            (no helmet)
rElec   +            p - +0 cloak
rCorr   .            (no gloves)
SInv    .            q - +0 pair of boots
Will    .....        x - amulet of regeneration
Stlth   +            w - +4 ring of protection
HPRegen 1.10/turn    u - +5 ring of evasion
MPRegen 0.13/turn

%: no passive effects
@: heroic, unable to drink
A: sickness immunity, AC +8, negative energy resistance 1, electricity
resistance, torment resistance 1, petrification resistance, [clumsy 1],
[deterioration 2], [dopey 1], [frail 3], [screaming 1], [no potion heal 1],
[cold vulnerability 1], [inability to drink after injury 1]
a: Renounce Religion, Heroism


You were on level 3 of the Abyss.
You worshipped Okawaru.
Okawaru was most pleased with you.
You visited 2 branches of the dungeon, and saw 12 of its levels.
You visited the Abyss 2 times.
You also visited: Sewer.

You collected 599 gold pieces.

Inventory:

Hand Weapons
 l - a +3 flail (weapon)
Missiles
 r - 26 poisoned darts (quivered)
Armour
 p - a +0 cloak (worn)
 q - a +0 pair of boots (worn)
 v - a +1 scale mail of fire resistance (worn)
 C - a +1 kite shield (worn)
Jewellery
 u - a +5 ring of evasion (right hand)
 w - a +4 ring of protection (left hand)
 x - an amulet of regeneration (around neck)
 y - a ring of wizardry
Wands
 a - a wand of iceblast (6)
 i - a wand of digging (5)
Scrolls
 h - 3 scrolls of immolation {unknown}
 n - 5 scrolls of noise {unknown}
 o - 3 scrolls of fear
 t - 2 scrolls of poison
 A - a scroll of blinking
 B - a scroll of fog
Potions
 b - 2 potions of invisibility
 c - 3 potions of enlightenment
 d - 5 potions of might
 e - 2 potions of curing
 f - 3 potions of haste
 m - 3 potions of heal wounds
 s - 2 potions of mutation
 z - 2 potions of brilliance


   Skills:
 + Level 18.0(23.0) Fighting
 + Level 8.3(13.3) Maces & Flails
 + Level 9.4(14.4) Armour
 + Level 9.5(14.5) Shields


You had 11 spell levels left.
You didn't know any spells.
Your spell library contained the following spells:

 Spells                   Type           Power      Damage    Failure   Level
 Apportation              Tloc           0%         N/A       80%         1
 Magic Dart               Conj           0%         1d3       80%         1
 Necrotise                Necr           0%         1d4       80%         1
 Blink                    Tloc           0%         N/A       91%         2
 Lesser Beckoning         Tloc           0%         N/A       91%         2
 Momentum Strike          Conj/Tloc      0%         3d8       91%         2
 Poisonous Vapours        Pois/Air       0%         N/A       91%         2
 Gell's Gravitas          Tloc           0%         N/A       99%         3
 Mephitic Cloud           Conj/Pois/Air  0%         N/A       99%         3
 Portal Projectile        Hex/Tloc       0%         N/A       99%         3
 Teleport Other           Tloc           0%         N/A       99%         3
 Cause Fear               Hex            0%         N/A       100%        4
 Leda's Liquefaction      Hex/Erth       0%         N/A       100%        4
 Olgreb's Toxic Radiance  Pois           0%         N/A       100%        4
 Sticky Flame             Conj/Fire      0%         2d3       100%        4
 Borgnjor's Vile Clutch   Necr/Erth      0%         N/A       100%        5
 Freezing Cloud           Conj/Ice/Air   0%         6-21      100%        5
 Eringya's Noxious Bog    Tmut/Pois      0%         N/A       100%        6
 Dragon Form              Tmut           0%         N/A       100%        7
 Ignition                 Fire           0%         3d3       100%        8
 Summon Small Mammal      Summ           Unusable   N/A       N/A         1
 Call Imp                 Summ           Unusable   N/A       N/A         2
 Call Canine Familiar     Summ           Unusable   N/A       N/A         3
 Animate Dead             Necr           Unusable   N/A       N/A         4
 Summon Forest            Summ/Tloc      Unusable   N/A       N/A         5
 Death Channel            Necr           Unusable   N/A       N/A         6
 Summon Hydra             Summ           Unusable   N/A       N/A         7
 Dragon's Call            Summ           Unusable   N/A       N/A         9

Dungeon Overview and Level Annotations

Branches:
Dungeon (11/15)            Temple (1/1) D:4            Lair (0/5) D:10
  Sewer (visited)
    Orc: D:9-12

Altars:
Ashenzari
Cheibriados
Dithmenos
Elyvilon
Fedhas
Gozag
Hepliaklqana
Kikubaaqudgha
Makhleb
Nemelex Xobeh
Okawaru
Qazlal
Ru
Sif Muna
Trog
Uskayaw
Vehumet
Wu Jian
Xom
Yredelemnul
Zin
The Shining One

Shops:
D:5 ?!:   D:7 [([:=

Annotations:
D:1 1 runed translucent door
D:6 2 transporters, AwFulAwFulPlayer's ghost, novice VSMo
D:10 Psyche
Abyss:1 Sonja


Innate Abilities, Weirdness & Mutations

You are immune to sickness and miasma.
Your stone body is resilient. (AC +8)
You are immune to poison.
You resist negative energy. (rN+)
You are resistant to electric shocks. (rElec)
You are resistant to unholy torment.
You are immune to petrification.
[You are clumsy. (Dex -2)]
[Your body often deteriorates upon taking damage.]
[You are dopey. (Int -2)]
[You are extremely frail. (-30% HP)]
[You occasionally shout uncontrollably at your foes.]
[Potions are less effective at restoring your health.]
[You are vulnerable to cold. (rC-)]
[You occasionally lose the ability to drink potions when taking damage.]


Message History

You barely miss the raiju.
The raiju is moderately wounded.
The raiju closely misses you. The chaos spawn misses you.
The ancient zyme hits you. You block the ancient zyme's attack.
You gain the combat prowess of a mighty hero.
The raiju bites you. The raiju shocks you. You resist.
You block the chaos spawn's attack.
The ancient zyme hits you but does no damage.
The ancient zyme hits you!
A raiju comes into view.
You thump the ancient zyme!
The ancient zyme is moderately damaged.
You block the raiju's attack. You block the chaos spawn's attack.
You block the ancient zyme's attack. The ancient zyme closely misses you.
You thump the ancient zyme!
The ancient zyme is heavily damaged.
You block the raiju's attack.
The chaos spawn splatters into many small globs of multi-coloured light, then recombines.
The chaos spawn hits you.
You feel threatened and lose the ability to drink potions!
The chaos spawn freezes you!!
You feel a terrible chill! You block the ancient zyme's attack. x2
You bludgeon the ancient zyme!!
You destroy the ancient zyme!
Okawaru accepts your kill. The raiju bites you but does no damage.
The chaos spawn completely misses you.
You feel the corruption within you wane somewhat.
You feel clever.
You feel agile.
Your urge to scream lessens.
Your system partly accepts the healing effects of potions.
You feel less vulnerable to cold.
You lose the ability to drink potions when taking damage less often.
Your base Fighting skill increases to level 18!
The raiju attacks as you move away! The raiju bites you.
* * * LOW HITPOINT WARNING * * *
The raiju shocks you. You resist.
* * * LOW HITPOINT WARNING * * *
The chaos spawn hits you.
* * * LOW HITPOINT WARNING * * *
The chaos spawn freezes you!!
You feel a terrible chill!
You die...

#. .# . .. #.
. .. ##. h##
. #.. .# . ##
##.## # . # .
#..##4#.### #
#..#
#...h@..#..#.
. . .
#.##..##†.#
..# #...#.
..# . ..
##### # # ##
#


You could see 2 raiju and a chaos spawn.

Vanquished Creatures
  Erolcha (D:9)
  A boulder beetle (D:11)
  A wretched star (Abyss:2)
  An ugly thing (Abyss:2)
  A worldbinder (Abyss:3)
  A cyclops (D:11)
  An apocalypse crab (Abyss:2)
  A smoke demon (Abyss:2)
  A kobold demonologist (D:11)
  An ancient zyme (Abyss:3)
  2 trolls
  2 hornets
  A blink frog (Abyss:2)
  4 raiju
  A ynoxinul (Abyss:2)
  12 yaks
  A shadow (D:11)
  2 wyverns
  A wraith (D:10)
  A large abomination (Abyss:2)
  2 steam dragons
  A neqoxec (Abyss:2)
  A water moccasin (D:9)
  3 acid dragons
  2 ice beasts (D:6)
  3 orc warriors
  2 sky beasts
  4 black bears
  3 centaurs
  2 ogres
  A phantom (D:6)
  A small abomination (Abyss:2)
  6 kobold brigands
  4 bullfrogs
  4 scorpions
  2 gnoll sergeants
  4 wights (D:9)
  6 killer bees (D:8)
  2 howler monkeys
  2 electric eels (D:10)
  5 hounds
  2 gnoll boudas
  2 jellies
  4 orc priests
  2 sleepcaps
  2 iguanas
  4 orc wizards
  A statue (D:8)
  14 gnolls
  4 adders
  2 river rats (Sewer)
  2 ufetubi
  6 worms
  4 dart slugs
  18 orcs
  8 ball pythons
  12 endoplasms
  4 giant cockroaches
  5 goblins
  6 hobgoblins
  10 jackals
  7 quokkas
  7 bats
  6 frilled lizards
  27 kobolds
  7 rats
263 creatures vanquished.

Vanquished Creatures (others)
  5 starspawn tentacles (Abyss:3)
5 creatures vanquished.

Grand Total: 268 creatures vanquished

Notes
Turn   | Place    | Note
-------+----------+-------------------------------------------
     0 | D:1      | Dittersdorf the Gargoyle Fighter began the quest for the
                  | Orb.
     0 | D:1      | Reached XP level 1. HP: 14/14 MP: 1/1
     1 | D:1      | Found a runed translucent door.
   152 | D:1      | Reached XP level 2. HP: 19/19 MP: 2/2
   435 | D:1      | Reached XP level 3. HP: 23/23 MP: 3/3
   494 | D:1      | Found a faded altar of an unknown god.
  1298 | D:2      | Got the Essays on the Pyromaniac and Corruption
  1357 | D:2      | Reached XP level 4. HP: 19/29 MP: 4/4
  2070 | D:3      | Noticed a scorpion
  2080 | D:3      | Killed a scorpion
  2081 | D:3      | Reached skill level 4 in Fighting
  2081 | D:3      | Reached XP level 5. HP: 23/33 MP: 5/5
  2834 | D:4      | Found a glowing drain.
  2851 | Sewer    | Entered a sewer
  3000 | Sewer    | Noticed a kobold brigand
  3014 | Sewer    | Killed a kobold brigand
  3015 | Sewer    | Reached XP level 6. HP: 32/39 MP: 6/6
  3357 | D:4      | Found a staircase to the Ecumenical Temple.
  3366 | Temple   | Entered the Ecumenical Temple
  3373 | Temple   | Became a worshipper of Warmaster Okawaru
  3440 | D:4      | Reached skill level 5 in Fighting
  3440 | D:4      | Reached skill level 5 in Shields
  3481 | D:4      | Reached skill level 5 in Armour
  3488 | D:4      | Reached XP level 7. HP: 39/44 MP: 7/7
  3925 | D:5      | Entered Level 5 of the Dungeon
  4077 | D:5      | Found Enuedaps's Book Boutique.
  4140 | D:5      | Found Uvvyosol's Distillery.
  4170 | D:4      | Reached * piety under Okawaru
  4386 | D:4      | Reached XP level 8. HP: 17/51 MP: 8/8
  4866 | D:5      | Reached skill level 6 in Fighting
  5213 | D:5      | Found Tearph's Magic Scroll Shoppe.
  5402 | D:6      | Reached skill level 5 in Maces & Flails
  5607 | D:6      | Noticed AwFulAwFulPlayer's ghost (novice VSMo)
  5810 | D:6      | Reached ** piety under Okawaru
  5945 | D:6      | Reached XP level 9. HP: 56/56 MP: 9/9
  5997 | D:6      | Reached skill level 7 in Fighting
  6096 | D:6      | Found a transporter.
  6100 | D:6      | Found a transporter.
  6387 | D:6      | Reached skill level 14 in Fighting
  6387 | D:6      | Reached XP level 10. HP: 76/76 MP: 10/10
  6388 | D:6      | Reached skill level 17 in Fighting
  6388 | D:6      | Reached XP level 11. HP: 85/85 MP: 11/11
  6407 | D:7      | Identified the +1 leather armour of Jobror {+Blink rPois
                  | Will- Regen+}
  6414 | D:7      | Found Urphig's Weapon Emporium.
  6764 | D:7      | Found Jaoly's Antique Armour Shop.
  7018 | D:7      | Found Ywku's Antique Armour Emporium.
  7080 | D:7      | Found Azumnogh's Jewellery Shop.
  7155 | D:7      | Found Myvab's Book Emporium.
  7453 | D:8      | Found a radiant altar of Vehumet.
  7608 | D:8      | Found a shimmering blue altar of Sif Muna.
  7865 | D:8      | Found a bloodstained altar of Trog.
  8025 | D:8      | Reached *** piety under Okawaru
  8286 | D:9      | Noticed Erolcha
  8661 | D:9      | Found a sparkling altar of Nemelex Xobeh.
  8769 | D:9      | Paralysed by Erolcha for 2 turns
  8776 | Abyss:1  | Cast into level 1 of the Abyss (Erolcha)
  8974 | Abyss:2  | Found a shimmering altar of Xom.
  8997 | Abyss:2  | Noticed a tentacled starspawn
  9001 | Abyss:2  | Noticed a wretched star
  9012 | Abyss:2  | Noticed a tentacled starspawn
  9015 | Abyss:2  | Noticed a thrashing horror
  9017 | Abyss:2  | Noticed a thrashing horror
  9392 | Abyss:2  | Noticed a wretched star
  9407 | Abyss:2  | Killed a wretched star
  9448 | Abyss:2  | Noticed a wretched star
  9452 | D:9      | Escaped the Abyss
  9932 | D:9      | HP: 1/102 [steam dragon] (7)]
 10507 | D:9      | Killed Erolcha
 10671 | D:10     | Entered Level 10 of the Dungeon
 11108 | D:10     | Found a staircase to the Lair.
 11386 | D:10     | Reached XP level 12. HP: 72/72 MP: 12/12
 12347 | D:11     | Reached **** piety under Okawaru
 12427 | D:11     | Noticed a boulder beetle
 12455 | D:11     | Killed a boulder beetle
 12545 | D:11     | Noticed Sonja
 12551 | D:11     | Noticed Psyche
 12566 | D:11     | Banished Sonja
 12618 | Abyss:2  | Noticed a profane servitor
 12618 | Abyss:2  | Cast into level 2 of the Abyss (Psyche)
 12699 | Abyss:2  | Noticed a lich
 12708 | Abyss:2  | Noticed a thrashing horror
 12919 | Abyss:2  | Noticed a bone dragon
 12934 | Abyss:2  | Found a corrupted altar of Lugonu.
 12936 | Abyss:2  | Found a corrupted altar of Lugonu.
 12940 | Abyss:2  | Found a corrupted altar of Lugonu.
 12940 | Abyss:2  | Found a corrupted altar of Lugonu.
 12940 | Abyss:2  | Found a corrupted altar of Lugonu.
 12940 | Abyss:2  | Found a corrupted altar of Lugonu.
 13060 | Abyss:2  | Noticed a wretched star
 13197 | Abyss:2  | Noticed a wretched star
 13214 | Abyss:2  | Found a runed translucent door.
 13215 | Abyss:2  | Found a runed translucent door.
 13215 | Abyss:2  | Found a runed translucent door.
 13222 | Abyss:2  | Noticed a vampire mage
 13269 | Abyss:3  | Noticed a hellephant
 13271 | Abyss:3  | Noticed a tentacled starspawn
 13288 | Abyss:3  | Found a corrupted altar of Lugonu.
 13427 | Abyss:3  | Reached skill level 18 in Fighting
 13427 | Abyss:3  | Mangled by a chaos spawn

Illustrated notes

Levels and vault maps discovered:
D:1:      dpeg_arrival_caged_fury, layout_loops_ring,
          ebering_ecumenical_altar_abandoned, kennysheep_doodads,
          minmay_tiny_reverse_x
D:2:      layout_basic
D:3:      layout_loops_ring, dk_noncrumbling_3
D:4:      layout_rooms, minmay_temple_entry_arrows, portal_sewer_entry_b,
          grunt_ministairs_13
D:5:      layout_gridville, serial_shops, nicolae_shop_rolled_up, shop,
          nicolae_stop_n_shop_1
D:6:      layout_loops_ring, gammafunk_ghost_hive, hangedman_minor_gate_pass
D:7:      layout_basic, serial_shops, nicolae_square_shop,
          kennysheep_little_box, nicolae_shop_bloodbath_and_beyond, shop,
          nicolae_shop_behind_doors
D:8:      layout_loops_ring, mainiacjoe_overflow_paths, vehumet_statue,
          mainiacjoe_overflow_concentric_impassable, roderic_st_hans_cross
D:9:      layout_roguey, nemelex_diamond_rough_becter, uniq_erolcha
D:10:     layout_cave_pools, lair_entry_dummy, serial_bayou,
          serial_bayou_pond_b, serial_bayou_lake_a, serial_bayou_shore_a,
          serial_bayou_pond_b, serial_bayou_pond_b, minmay_rotating_lava
D:11:     layout_cave_pools, uniq_sonja, uniq_psyche
Temple:   nicolae_temple_no_exploring_needed
Abyss:3:  base: D:9, small_statue_intersection, hangedman_shadowy_showcase,
          minivault_19, spicy_abyss_rude_harpoons,
          evilmike_abyss_rune_elephants_shrine

Skill      XL: |  1  2  3  4  5  6  7  8  9 10 11 12 |
---------------+-------------------------------------+-----
Shields        | 4 5 6 7 8 9 |  9.5
Armour         | 4 5 6 7 8 9 |  9.4
Fighting       | 4 5 6 14 17 18 | 18.0
Maces & Flails | 3 4 5 6 7 8 |  8.3

Action                     |  1- 3 |  4- 6 |  7- 9 | 10-12 || total
---------------------------+-------+-------+-------+-------++-------
  Melee: Flail             |   147 |   265 |   299 |   722 ||  1433
  Throw: Dart              |       |       |     5 |    21 ||    26
 Invoke: Heroism           |       |       |       |    13 ||    13
    Use: Scroll            |       |     7 |     4 |    17 ||    28
         Potion            |       |       |     1 |     1 ||     2
   Stab: Distracted        |       |       |       |     1 ||     1
 Armour: Chain mail        |   113 |    78 |   151 |    48 ||   390
         Ring mail         |       |    54 |   104 |       ||   158
         Plate armour      |       |       |       |   296 ||   296
         Scale mail        |       |       |       |   141 ||   141
  Dodge: Dodged            |    61 |    99 |   157 |   365 ||   682
  Block: Buckler           |    38 |    71 |    98 |     1 ||   208
         Kite shield       |       |       |       |   454 ||   454

Table legend: (Time is in decaauts)
 A = Elapsed time spent in this place.
 B = Non-inter-level travel time spent in this place.
 C = Inter-level travel time spent in this place.
 D = Time resting spent in this place.
 E = Time spent auto-exploring this place.
 F = Levels seen in this place.
 G = Mean time per level.
                   A        B        C        D        E       F      G
               +--------+--------+--------+--------+--------+-----+--------+
         Total |  13916 |  13409 |    507 |   3361 |   6069 |  17 |  818.6 |
       Dungeon |  11817 |  11322 |    495 |   2436 |   5771 |  11 | 1074.3 |
        Temple |     14 |      2 |     12 |      0 |      0 |   1 |   14.0 |
         Abyss |   1520 |   1520 |      0 |    904 |      0 |   4 |  380.0 |
         Sewer |    564 |    564 |      0 |     20 |    298 |   1 |  564.0 |
               +--------+--------+--------+--------+--------+-----+--------+

Top non-repeatable levels by time:
     D:8: 1557 daAuts
     D:9: 1419 daAuts
    D:10: 1362 daAuts
 Abyss:2: 1323 daAuts
     D:3: 1170 daAuts
     D:2: 1113 daAuts
     D:5: 1085 daAuts
     D:6: 1071 daAuts
     D:7: 921 daAuts
     D:4: 871 daAuts
     D:1: 783 daAuts
   Sewer: 564 daAuts
    D:11: 460 daAuts
 Abyss:3: 191 daAuts
  Temple: 14 daAuts
